 Dungeon Crawl Stone Soup version 0.29-a0-334-gb41bcbb86e (webtiles) character file.

Game seed: 606560292642625594

96 lunkers the Gusty (level 4, 0/24 HPs)
             Began as a Tengu Air Elementalist on Apr 13, 2022.
             Slain by Grinder (3 damage)
             ... while paralysed by Grinder
             ... on level 3 of the Dungeon.
             The game lasted 00:03:37 (2844 turns).

lunkers the Gusty (Tengu Air Elementalist)          Turns: 2844, Time: 00:03:39

Health: 0/24       AC:  2    Str:  8    XL:     4   Next: 67%
Magic:  1/9        EV:  2    Int: 17    God:
Gold:   158        SH:  0    Dex: 15    Spells: 2/8 levels left

rFire   . . .      SeeInvis .   j - +0 short sword (drain)
rCold   . . .      Faith    .   (no shield)
rNeg    . . .      Spirit   .   a - +0 robe
rPois   .          Reflect  +   (helmet restricted)
rElec   .          Harm     .   (no cloak)
rCorr   .          Rampage  .   (no gloves)
Will    .....                   (boots unavailable)
Stlth   ++........              g - amulet of reflection
HPRegen 0.08/turn               (no ring)
MPRegen 0.11/turn               (no ring)

@: paralysed, mighty, very slightly contaminated
A: beak, talons 3
a: no special abilities


You were on level 3 of the Dungeon.
You visited 1 branch of the dungeon, and saw 3 of its levels.

You collected 158 gold pieces.

Inventory:

Hand Weapons
 j - a +0 short sword of draining (weapon)
Missiles
 i - 3 curare-tipped darts
Armour
 a - a +0 robe (worn)
Jewellery
 g - an amulet of reflection (around neck)
Scrolls
 e - a scroll of blinking {unknown}
 k - 4 scrolls of vulnerability
 l - a scroll of immolation {unknown}
 m - a scroll of amnesia {unknown}
Potions
 b - a potion of magic
 c - a potion of heal wounds
 d - a potion of might
 f - a potion of haste
 h - a potion of degeneration {unknown}


   Skills:
 - Level 2.1 Dodging
 - Level 2.0 Stealth
 + Level 2.9 Spellcasting
 - Level 1.3 Conjurations
 * Level 6.2 Air Magic


You had 2 spell levels left.
You knew the following spells:

 Your Spells              Type           Power      Damage    Failure   Level
a - Shock                 Conj/Air       60%        1d6       3%          1
b - Swiftness             Air            23%        N/A       4%          3
c - Static Discharge      Conj/Air       15%        N/A       5%          2

Your spell library contained the following spells:

 Spells                   Type           Power      Damage    Failure   Level
 Airstrike                Air            11%        N/A       14%         4
 Dazzling Flash           Conj/Hex       8%         N/A       36%         3
 Silence                  Hex/Air        6%         N/A       80%         5
 Agony                    Necr           2%         N/A       99%         5


Dungeon Overview and Level Annotations

Branches:
Dungeon (3/15)

Altars:

Annotations:
D:3 Grinder


Innate Abilities, Weirdness & Mutations

You have a beak for a mouth.
You have claws for feet.


Message History

Press: ? - help, Shift-Dir - straight line The zap hits Grinder.
Grinder is moderately wounded.
The zap hits Grinder.
Grinder is moderately wounded.
Grinder gestures at you. Pain shoots through your body!
* * * LOW HITPOINT WARNING * * *
Casting: Shock (safe; 3% risk of failure)
Confirm with . or Enter, or press ? or * to list all spells.
Aiming: Shock (safe; 3% risk of failure)
Press: ? - help, Shift-Dir - straight line The zap misses Grinder.
The zap hits Grinder.
Grinder is moderately wounded.
* * * LOW MAGIC WARNING * * *
Grinder hits you.
* * * LOW HITPOINT WARNING * * *
Casting: Shock (safe; 3% risk of failure)
Confirm with . or Enter, or press ? or * to list all spells.
Aiming: Shock (safe; 3% risk of failure)
Press: ? - help, Shift-Dir - straight line The zap hits Grinder.
Grinder is heavily wounded.
The zap hits Grinder.
Grinder is heavily wounded.
* * * LOW MAGIC WARNING * * *
You block Grinder's attack.
Unknown command.
Unknown command.
You feel very mighty all of a sudden. Grinder gestures at you.
You suddenly lose the ability to move!
Grinder barely misses you. Grinder hits you.
* * * LOW HITPOINT WARNING * * *
You writhe in agony.
* * * LOW HITPOINT WARNING * * *
Grinder blinks!
Grinder hits you.
You die...

#.# #.#....## #### #.#
#.†.....##...## #.#
###.............# ..#
#######................
..##
.......).##............
...#
#######..##............
...# #.####..........#
...# ##5# ##........##
...... #@.# ###.#.####
...### #.###### #.#.#
..## #......# #.#.##
.## #..........# ..#..#
## ....#..#.....#
.###.# ## #).# ...###..
#.# #... .### #.# #
....# ## #.## ###..
####. #..###


You could see Grinder.

Vanquished Creatures
  3 adders (D:2)
  A worm (D:2)
  A dart slug (D:2)
  5 ball pythons
  4 bats
  6 endoplasms
  4 giant cockroaches
  4 goblins
  4 hobgoblins
  7 kobolds
  3 frilled lizards
  6 rats
48 creatures vanquished.

Vanquished Creatures (collateral kills)
  An adder (D:2)
1 creature vanquished.

Vanquished Creatures (others)
  13 plants (D:1)
13 creatures vanquished.

Grand Total: 62 creatures vanquished

Notes
Turn   | Place    | Note
-------+----------+-------------------------------------------
     0 | D:1      | lunkers the Tengu Air Elementalist began the quest for the
                  | Orb.
     0 | D:1      | Reached XP level 1. HP: 10/10 MP: 4/4
   106 | D:1      | Reached XP level 2. HP: 15/15 MP: 0/6
   706 | D:1      | Reached skill level 5 in Air Magic
   857 | D:1      | Reached XP level 3. HP: 19/19 MP: 2/7
  1625 | D:2      | Reached XP level 4. HP: 24/24 MP: 7/9
  1770 | D:2      | Reached skill level 6 in Air Magic
  2439 | D:3      | Found a faded altar of an unknown god.
  2643 | D:3      | Learned a level 3 spell: Swiftness
  2646 | D:3      | Learned a level 2 spell: Static Discharge
  2827 | D:3      | Noticed Grinder
  2838 | D:3      | Paralysed by Grinder for 7 turns
  2844 | D:3      | Slain by Grinder

Illustrated notes

Levels and vault maps discovered:
D:1:      roderic_crop_circles_arrival_small, layout_basic
D:2:      layout_basic
D:3:      layout_rooms, nicolae_wu_jian_glorious_leap, basic_ecumenical_altar,
          uniq_grinder

Skill      XL: |  1  2  3  4 |
---------------+-------------+-----
Air Magic      | 5 6 |  6.2
Dodging        | |  2.1
Stealth        | |  2.0
Spellcasting   | |  2.9
Conjurations   | |  1.3

Action                   |  1- 3 |  4- 6 || total
-------------------------+-------+-------++-------
 Cast: Shock             |    73 |    42 ||   115
       Static Discharge  |       |     1 ||     1
  Use: Scroll            |       |     5 ||     5
       Potion            |       |     1 ||     1
Dodge: Dodged            |     5 |     3 ||     8
Block: Other             |       |     2 ||     2

Table legend: (Time is in decaauts)
 A = Elapsed time spent in this place.
 B = Non-inter-level travel time spent in this place.
 C = Inter-level travel time spent in this place.
 D = Time resting spent in this place.
 E = Time spent auto-exploring this place.
 F = Levels seen in this place.
 G = Mean time per level.
                   A        B        C        D        E       F      G
               +--------+--------+--------+--------+--------+-----+--------+
         Total |   2842 |   2803 |     39 |      0 |   2545 |   3 |  947.3 |
       Dungeon |   2842 |   2803 |     39 |      0 |   2545 |   3 |  947.3 |
               +--------+--------+--------+--------+--------+-----+--------+

Top non-repeatable levels by time:
     D:2: 1406 daAuts
     D:1: 1031 daAuts
     D:3: 404 daAuts
